 Dungeon Crawl Stone Soup version 0.26-a0-1184-g95e395e029 (webtiles) character file.

Game seed: 4820027989559331940

90 sanka the Chopper (level 4, 0/40 HPs)
             Began as a Ghoul Monk on Dec 27, 2020.
             Killed by divine providence
             ... invoked by an orc priest
              (11 damage)
             ... on level 4 of the Dungeon.
             The game lasted 00:02:12 (1547 turns).

sanka the Chopper (Ghoul Monk)                      Turns: 1547, Time: 00:02:13

Health: 0/40       AC:  8    Str: 15    XL:     4   Next: 56%
Magic:  3/3        EV:  7    Int:  5    God:
Gold:   129        SH:  0    Dex: 17    Spells: 3/3 levels left

rFire    . . .     SeeInvis .   a - +0 hand axe
rCold    + . .     Faith    .   (no shield)
rNeg     + + +     Spirit   .   f - +0 chain mail
rPois    ∞         Reflect  .   (no helmet)
rElec    .         Harm     .   (no cloak)
rCorr    .         Rampage  .   (no gloves)
Will     .....                  (no boots)
Stlth    ..........             (no amulet)
HPRegen  0.00/turn              (no ring)
MPRegen  0.08/turn              g - +6 ring of dexterity

@: slowed, very slow
A: claws 1, cold resistance 1, negative energy resistance 3, inhibited
regeneration, torment resistance, unbreathing
a: no special abilities


You were on level 4 of the Dungeon.
You visited 1 branch of the dungeon, and saw 3 of its levels.

You collected 129 gold pieces.


Innate Abilities, Weirdness & Mutations

You thrive by killing the living.
You are immune to poison.
You have sharp fingernails.
Your flesh is cold resistant. (rC+)
You are immune to negative energy. (rN+++)
You do not regenerate when monsters are visible.
You are immune to unholy pain and torment.
You can survive without breathing.


   Skills:
 - Level 4.0 Fighting
 + Level 4.3 Axes
 - Level 2.6 Dodging
 - Level 2.1 Stealth


You had 3 spell levels left.
You didn't know any spells.
Your spell library was empty.

Inventory:

Hand Weapons
 a - a +0 hand axe (weapon)
Armour
 b - a +0 robe
 e - a +0 scale mail
 f - a +0 chain mail (worn)
 k - a +0 tower shield
 p - the +5 leather armour of Yrghun {rElec rF+ rCorr Int-5}

   It affects your intelligence (-5).
   It protects you from fire.
   It insulates you from electricity.
   It provides partial protection from all sources of acid and corrosion.
Jewellery
 g - a +6 ring of dexterity (right claw)
Scrolls
 c - a scroll of blinking {unknown}
 d - 2 scrolls of remove curse {unknown}
 h - a scroll of teleportation {unknown}
 i - a scroll of random uselessness {unknown}
 l - 2 scrolls of identify {unknown}
 o - a scroll of magic mapping {unknown}
Potions
 j - a potion of haste {unknown}
 m - a potion of curing {@q1}
 n - 3 potions of might {unknown}

Dungeon Overview and Level Annotations

Branches:
Dungeon (2/15)

Altars:

▒. ▒.▒▒▒▒+▒▒ ▒..
....▒ ▒.. ...▒ ▒..
...▒ ▒▒ ▒.▒ ▒▒.▒▒▒▒
....▒▒▒.▒▒▒..o..▒▒▒▒
........(.†.noo.....
....▒▒▒.▒▒▒.oo.....▒
....▒▒▒.▒ ▒........▒
........▒▒▒▒'▒▒o...▒
....▒▒▒▒.....▒ ....'
.. ▒▒▒.▒▒▒.▒ ..o▒
▒...▒ ▒.▒ ..o ▒.▒▒▒
▒▒▒ ..▒ ▒.▒


You could see an orc priest, an orc wizard and 6 orcs.


Message History

An orc comes into view.
The orc hits you with a +0 hand axe of flaming.
* * * LOW HITPOINT WARNING * * *
The orc burns you.
* * * LOW HITPOINT WARNING * * *
You hit the orc.
You kill the orc!
Your chain mail prevents you from hitting the orc priest.
You hit the orc wizard. You hit the orc but do no damage.
The orc priest hits you with a +0 flail of protection.
* * * LOW HITPOINT WARNING * * *
The orc wizard closely misses you.
The orc hits you with a +0 hand axe of flaming.
* * * LOW HITPOINT WARNING * * *
The orc burns you.
* * * LOW HITPOINT WARNING * * *
You closely miss the orc wizard.
The orc wizard is moderately wounded.
You barely miss the orc. You closely miss the orc.
You hit the orc priest but do no damage.
The orc barely misses you. The orc barely misses you.
The orc wizard casts a spell at you.
You feel yourself slow down.
An orc comes into view. It is wielding a +0 club.
The orc priest mumbles some strange prayers to Beogh against you.
Beogh smites you!
You die...

Action                   |  1- 3 |  4- 6 || total
-------------------------+-------+-------++-------
Melee: Hand axe          |   118 |    19 ||   137
  Use: Potion            |     1 |       ||     1
Armor: Chain mail        |    92 |     7 ||    99
       Scale mail        |     2 |       ||     2
Dodge: Dodged            |    70 |    10 ||    80

Levels and vault maps discovered:
D:1:      saegor_arrival_simple_c, layout_basic, dk_noncrumbling_2
D:2:      layout_rooms
D:4:      layout_basic, palyth_stone_intersect, uniq_ijyb

Notes
Turn   | Place    | Note
-------+----------+-------------------------------------------
     0 | D:1      | sanka the Ghoul Monk began the quest for the Orb.
     0 | D:1      | Reached XP level 1. HP: 19/19 MP: 0/0
   420 | D:1      | Reached XP level 2. HP: 27/27 MP: 1/1
   489 | D:1      | Reached skill level 4 in Fighting
  1083 | D:2      | Reached skill level 3 in Axes
  1083 | D:2      | Reached XP level 3. HP: 28/33 MP: 2/2
  1398 | D:4      | Reached skill level 4 in Axes
  1398 | D:4      | Reached XP level 4. HP: 37/40 MP: 3/3
  1468 | D:4      | Got a brightly glowing leather armour
  1479 | D:4      | Identified the +5 leather armour of Yrghun {rElec rF+ rCorr
                  | Int-5} (You found it on level 4 of the Dungeon)
  1479 | D:4      | Lost intelligence.
  1547 | D:4      | Killed from afar by an orc priest

Vanquished Creatures
  An orc wizard (D:4)
  A worker ant (D:4)
  An adder (D:2)
  A dart slug (D:1)
  A leopard gecko (D:2)
  4 orcs (D:4)
  3 bats
  3 goblins
  3 hobgoblins
  4 frilled lizards
  3 kobolds (D:1)
  2 rats (D:2)
27 creatures vanquished.
